[Event "fics rated crazyhouse match"]
[Site "fics, Oklahoma City, OK USA"]
[Date "2001.02.18"]
[White "RFrancisco"]
[WhiteElo "2420"]
[Black "LINDEGREN"]
[BlackElo "2350"]
[TimeControl "60+0"]
[Result "1-0"]

1. e4 Nf6 2. Nc3 Nc6 3. Bc4 e6 4. d4 d5 5. exd5 Nxd5 6. Nf3 
Bb4 7. Bd2 Bxc3 8. bxc3 Qe7 9. P@e4 Nxc3 10. Bxc3 P@b4 11. Bd2 N@c3 
12. Bxc3 bxc3 13. O-O B@g4 14. B@e2 P@h3 15. gxh3 Bxh3 16. N@f4 Bxf1 17. Qxf1 
R@g4+ 18. P@g3 g5 19. Nh5 f6 20. h3 Rxe4 21. Bed3 P@f5 22. B@g7 Rf8 
23. Bxf8 Qxf8 24. R@g7 B@g6 25. Bxe4 fxe4 26. R@g8 B@d6 27. Rxf8+ Bxf8 28. Nxf6+ 
Kd8 29. Rxg6 Bd7 30. Nxd7 exf3 31. Nb6 axb6 32. Q@f6# 
{LINDEGREN forfeits on time} 1-0

[Event "fics rated crazyhouse match"]
[Site "fics, Oklahoma City, OK USA"]
[Date "2001.02.18"]
[White "LINDEGREN"]
[WhiteElo "2344"]
[Black "RFrancisco"]
[BlackElo "2426"]
[TimeControl "60+0"]
[Result "0-1"]

1. e4 Nf6 2. Nc3 e5 3. Nf3 Bc5 4. Bc4 Nc6 5. O-O O-O 6. d3 
h6 7. Be3 Bb6 8. Qe2 d6 9. Bxb6 axb6 10. B@f5 Bxf5 11. exf5 B@g4 
12. B@e4 Nd4 13. Qd1 Nxe4 14. dxe4 Bxf3 15. gxf3 N@h3+ 16. Kh1 Qg5 17. N@g3 
B@f4 18. B@g2 Bxg3 19. hxg3 Nxf2+ 20. Rxf2 Qxg3 21. N@g4 P@h5 22. B@h2 Qh4 
23. Kg1 hxg4 24. fxg4 B@e3 25. P@g3 Bxf2+ 26. Kxf2 Qxg4 27. B@e2 P@e3+ 28. Kg1 
P@f2+ 29. Kh1 Qxe2 30. Bxe2 R@g1+ 31. Bxg1 fxg1=Q+ 32. Qxg1 N@f2+ 33. Kh2 N@g4+ 
34. Bxg4 Nxg4+ 35. Kh3 Nf2+ 36. Kh2 B@h7 37. R@h4 B@g4 38. P@g6 B@h8 39. gxh7+ 
Kxh7 
{LINDEGREN forfeits on time} 0-1

[Event "fics rated crazyhouse match"]
[Site "fics, Oklahoma City, OK USA"]
[Date "2001.02.18"]
[White "RFrancisco"]
[WhiteElo "2432"]
[Black "LINDEGREN"]
[BlackElo "2338"]
[TimeControl "60+0"]
[Result "0-1"]

1. e4 Nf6 2. Nc3 Nc6 3. Bc4 e6 4. d4 d5 5. exd5 Nxd5 6. Nf3 
Bb4 7. Bd2 Qe7 8. P@e4 Bxc3 9. bxc3 Nb6 10. Bd3 P@d5 11. e5 N@e4 
12. O-O Nxd2 13. Qxd2 B@g4 14. B@h4 f6 15. Be2 Bxf3 16. Bxf3 N@f5 17. B@h3 
Nxh4 18. Qe2 Nxf3+ 19. Qxf3 B@e4 20. Qg3 Bd7 21. f3 Bg6 22. N@c5 Qxc5 
23. dxc5 N@e2+ 24. Kh1 Nxg3+ 25. hxg3 Nxe5 26. cxb6 axb6 27. N@f2 B@f5 28. Bxf5 
Bxf5 29. B@h2 B@e2 30. N@h5 Rg8 31. Nxg7+ Rxg7 32. P@h6 Bxf3 33. Rg1 Bxg2+ 
34. Rxg2 P@h3 35. B@f1 P@f3 36. Nxh3 Bxh3 37. Q@h8+ Q@g8 38. Qxg8+ Rxg8 39. N@g7+ 
Rxg7 40. hxg7 fxg2+ 41. Kg1 Q@e3+ 42. P@f2 R@h1# 
{RFrancisco checkmated} 0-1

[Event "fics rated crazyhouse match"]
[Site "fics, Oklahoma City, OK USA"]
[Date "2001.02.18"]
[White "LINDEGREN"]
[WhiteElo "2348"]
[Black "RFrancisco"]
[BlackElo "2422"]
[TimeControl "60+0"]
[Result "1-0"]

1. Nc3 e5 2. e4 Nc6 3. Nf3 Bc5 4. Bc4 Nf6 5. O-O O-O 6. d3 
d6 7. Bg5 h6 8. Bxf6 Qxf6 9. Nd5 Qd8 10. h3 Be6 11. c3 B@h5 
12. N@g3 Bxf3 13. Qxf3 N@g5 14. Qd1 Bxh3 15. gxh3 Nxh3+ 16. Kh2 P@e6 17. Qg4 
exd5 18. Qxh3 dxc4 19. Nf5 B@f4+ 20. B@g3 N@f3+ 21. Kh1 Ng5 22. Qg4 Bxg3 
23. fxg3 P@f3 24. B@h3 B@g2+ 25. Bxg2 fxg2+ 26. Kxg2 cxd3 27. P@h3 P@f3+ 28. Kh2 
Nxh3 29. Qxg7# 
{RFrancisco checkmated} 1-0

[Event "fics rated crazyhouse match"]
[Site "fics, Oklahoma City, OK USA"]
[Date "2001.02.18"]
[White "RFrancisco"]
[WhiteElo "2412"]
[Black "LINDEGREN"]
[BlackElo "2358"]
[TimeControl "60+0"]
[Result "0-1"]

1. e4 Nf6 2. Nc3 Nc6 3. Bc4 e6 4. d4 d5 5. exd5 Nxd5 6. Nge2 
Bb4 7. O-O Qe7 8. P@e4 Bxc3 9. bxc3 Nb6 10. Bd3 P@c4 11. f4 cxd3 
12. cxd3 B@h5 13. P@f3 O-O 14. Ng3 Bg6 15. a4 f5 16. e5 Nd5 17. Ba3 
Qf7 18. Qe1 Re8 19. B@d2 N@c2 20. c4 Nxe1 21. Raxe1 Nb6 22. N@g5 Qd7 
23. Nxe6 Nxd4 24. Nxd4 Qxd4+ 25. Be3 Qxd3 26. N@e7+ Kh8 27. Nxg6+ hxg6 28. P@f7 
Rd8 29. B@e7 Bd7 30. Nxf5 Qxf5 31. P@f6 P@h3 32. fxg7+ Kxg7 33. Bf6+ Kh7 
34. gxh3 Qxh3 35. f8=N+ Rxf8 36. P@g2 Qxg2+ 37. Kxg2 P@h3+ 38. Kg3 Q@g2+ 39. Kh4 
N@f5# 
{RFrancisco checkmated} 0-1

[Event "fics rated crazyhouse match"]
[Site "fics, Oklahoma City, OK USA"]
[Date "2001.02.18"]
[White "LINDEGREN"]
[WhiteElo "2367"]
[Black "RFrancisco"]
[BlackElo "2403"]
[TimeControl "60+0"]
[Result "1-0"]

1. e4 Nf6 2. Nc3 d5 3. exd5 Nxd5 4. d4 Nxc3 5. bxc3 e5 6. Nf3 
exd4 7. Nxd4 P@e5 8. Bb5+ P@c6 9. Qe2 Qd5 10. Bc4 Qxc4 11. Qxc4 B@d5 
12. Qe2 Nd7 13. P@e6 fxe6 14. P@f7+ Kxf7 15. N@g5+ Ke7 16. Q@f7+ Kd6 17. Ba3+ 
P@c5 18. Ndxe6 N@h6 19. Qfh5 Be7 20. Rd1 P@d4 
{RFrancisco resigns} 1-0

[Event "fics rated crazyhouse match"]
[Site "fics, Oklahoma City, OK USA"]
[Date "2000.02.19"]
[White "spurs"]
[WhiteElo "2296"]
[Black "Gnejs"]
[BlackElo "2454"]
[TimeControl "60+0"]
[Result "1-0"]

1. d4 Nc6 2. Nf3 e6 3. Bg5 Nf6 4. e4 Be7 5. Bxf6 Bxf6 6. e5 
Be7 7. Nc3 d6 8. Bb5 Bd7 9. Bxc6 Bxc6 10. N@h5 Rg8 11. Nxg7+ Rxg7 
12. P@f6 Bxf6 13. exf6 Qxf6 14. N@h5 Qg6 15. Nxg7+ Qxg7 16. B@h4 f6 17. d5 
exd5 18. Nxd5 O-O-O 19. P@e7 Re8 20. Bxf6 B@a5+ 21. P@c3 Qxf6 22. Nxf6 Rxe7+ 
23. R@e2 P@e4 24. Nd4 B@d7 25. Nxd7 Bxd7 26. B@f6 Re8 27. O-O B@g6 28. f3 
P@h3 29. Qe1 hxg2 30. Rxg2 N@h3+ 31. Kh1 e3 32. Qxe3 P@e5 33. Ne2 P@f4 
34. Nxf4 Nxf4 35. Qf2 Nxg2 36. Qxa7 N@f4 37. Q@b8# 
{Gnejs checkmated} 1-0

[Event "fics rated crazyhouse match"]
[Site "fics, Oklahoma City, OK USA"]
[Date "2000.02.19"]
[White "Gnejs"]
[WhiteElo "2438"]
[Black "spurs"]
[BlackElo "2307"]
[TimeControl "60+0"]
[Result "1-0"]

1. e4 e6 2. Nc3 d5 3. d4 dxe4 4. Nxe4 Nc6 5. Be3 Be7 6. Nf3 
Nf6 7. Nxf6+ Bxf6 8. N@h5 P@e7 9. P@g5 Rg8 10. gxf6 exf6 11. B@d3 P@g6 
12. Ng3 N@f5 13. Nxf5 exf5 14. h4 Qe7 15. Qe2 Bd7 16. Rd1 N@d5 17. Bb5 
f4 18. Bc1 Qxe2+ 19. Bfxe2 g5 20. hxg5 fxg5 21. Q@e4+ Be6 22. Qxh7 O-O-O 
23. Bxc6 bxc6 24. P@b7+ Kd7 25. N@c5+ Ke7 26. Qe4 P@g3 27. N@f5+ Ke8 28. fxg3 
fxg3 29. Nxg3 B@f4 30. P@f2 Bxc1 31. Rxc1 B@f4 32. Nxe6 P@d2+ 33. Nxd2 Bxd2+ 
34. Kxd2 fxe6 35. Qxe6+ Q@e7 36. P@f7+ Kf8 37. fxg8=Q# 
{spurs checkmated} 1-0

[Event "fics rated crazyhouse match"]
[Site "fics, Oklahoma City, OK USA"]
[Date "2000.02.19"]
[White "spurs"]
[WhiteElo "2302"]
[Black "Gnejs"]
[BlackElo "2445"]
[TimeControl "60+0"]
[Result "1-0"]

1. d3 e6 2. e4 d6 3. Nc3 Nf6 4. Nf3 Be7 5. Bg5 Nc6 6. Be2 
h6 7. Bxf6 Bxf6 8. d4 B@a5 9. Bb5 Bd7 10. Bxc6 bxc6 11. O-O Rb8 
12. e5 Be7 13. N@h5 Rh7 14. Nxg7+ Rxg7 15. N@h5 Rg6 16. P@f6 Bf8 17. Ne4 
d5 18. Nh4 Rg8 19. Neg3 B@g4 20. f3 Bxh5 21. Nxh5 N@e3 22. Qe2 Nxf1 
23. Rxf1 R@g5 24. N@g7+ Bxg7 25. Nxg7+ R5xg7 26. fxg7 Rxg7 27. B@f6 Rg8 28. Bxd8 
Kxd8 29. B@f6+ Kc8 30. Qa6+ N@b7 31. Qxa7 B@e3+ 32. P@f2 N@h3+ 33. Kh1 Nxf2+ 
34. Rxf2 Bxf2 35. N@e7+ Kd8 36. Nxg8+ Ke8 37. Q@e7# 
{Gnejs checkmated} 1-0

[Event "fics rated crazyhouse match"]
[Site "fics, Oklahoma City, OK USA"]
[Date "2000.02.19"]
[White "Gnejs"]
[WhiteElo "2430"]
[Black "spurs"]
[BlackElo "2313"]
[TimeControl "60+0"]
[Result "1-0"]

1. e4 e6 2. Nc3 d5 3. d4 dxe4 4. Nxe4 Nc6 5. Be3 Be7 6. Nf3 
Nf6 7. Nxf6+ Bxf6 8. N@h5 Rg8 9. Bd3 N@f5 10. Nxf6+ gxf6 11. Bxf5 exf5 
12. d5 Ne5 13. Nxe5 fxe5 14. P@f6 Qxf6 15. N@h5 Qg6 16. N@f6+ Kd8 17. d6 
c6 18. B@e7# 
{spurs checkmated} 1-0

[Event "fics rated crazyhouse match"]
[Site "fics, Oklahoma City, OK USA"]
[Date "2000.02.19"]
[White "spurs"]
[WhiteElo "2308"]
[Black "Gnejs"]
[BlackElo "2437"]
[TimeControl "60+0"]
[Result "1-0"]

1. d4 Nf6 2. Nf3 d6 3. Bg5 Ne4 4. Bh4 Qd7 5. Nbd2 Nxd2 6. Qxd2 
e6 7. e4 Nc6 8. Bb5 a6 9. Bxc6 bxc6 10. N@h5 B@e7 11. Bxe7 Qxe7 
12. e5 N@c4 13. Qe2 B@a5+ 14. B@c3 Bxc3+ 15. bxc3 B@b2 16. O-O Bxa1 17. B@f6 
gxf6 18. exf6 
{Gnejs forfeits on time} 1-0

[Event "fics rated crazyhouse match"]
[Site "fics, Oklahoma City, OK USA"]
[Date "2000.02.19"]
[White "olsson"]
[WhiteElo "2160"]
[Black "spurs"]
[BlackElo "2319"]
[TimeControl "60+0"]
[Result "1-0"]

1. e4 e6 2. d4 d5 3. e5 Ne7 4. Bg5 Qd7 5. Nc3 Nf5 6. Nf3 
Bb4 7. Bd3 Nc6 8. Bxf5 exf5 9. N@c5 Bxc5 10. dxc5 B@g4 11. B@e2 Bxf3 
12. Bxf3 Nxe5 13. Nxd5 Nxf3+ 14. Qxf3 O-O 15. P@e7 Re8 16. N@f6+ Kh8 17. Nxd7 
Bxd7 18. B@f6 P@d2+ 19. Kf1 B@c4+ 20. Kg1 N@e6 21. Bxg7+ Nxg7 22. P@f6 Ne6 
23. Bh6 N@e2+ 24. Qxe2 Bxe2 25. Bg7+ Nxg7 26. fxg7+ Kxg7 27. Q@f6+ Kg8 28. N@h6# 
{spurs checkmated} 1-0

[Event "fics rated crazyhouse match"]
[Site "fics, Oklahoma City, OK USA"]
[Date "2000.02.19"]
[White "spurs"]
[WhiteElo "2308"]
[Black "olsson"]
[BlackElo "2171"]
[TimeControl "60+0"]
[Result "0-1"]

1. d4 e6 2. Nf3 Nc6 3. e4 d5 4. Bg5 Be7 5. Bxe7 Qxe7 6. e5 
B@e4 7. Bb5 Bxf3 8. Qxf3 Bd7 9. Bxc6 Bxc6 10. N@h5 B@e4 11. Nxg7+ Kd8 
12. Qg3 N@f5 13. B@f6 Nxg3 14. Bxe7+ Nxe7 15. h3 Bxc2 16. B@f3 Bxb1 17. Rxb1 
P@c2 18. Rc1 B@e4 19. fxg3 Bxf3 20. gxf3 N@d3+ 21. Kd2 Nxc1 22. Rxc1 R@d1+ 
23. Kxc2 Q@d3# 
{spurs checkmated} 0-1

[Event "fics rated crazyhouse match"]
[Site "fics, Oklahoma City, OK USA"]
[Date "2000.02.19"]
[White "olsson"]
[WhiteElo "2182"]
[Black "spurs"]
[BlackElo "2297"]
[TimeControl "60+0"]
[Result "0-1"]

1. e4 e6 2. d4 d5 3. e5 Ne7 4. Bg5 Qd7 5. Bxe7 Bxe7 6. Nf3 
B@e4 7. Be2 Nc6 8. Nc3 Bb4 9. N@h5 Bxc3+ 10. bxc3 Rg8 11. B@h6 N@f5 
12. Bxg7 Rxg7 13. Nf6+ Kd8 14. Nxd7 Bxd7 15. P@f6 Rxg2 16. Rg1 Bxf3 17. Rxg2 
Bxg2 18. R@g8+ B@e8 19. Rxg2 N@f4 20. B@e7+ Kc8 21. Rg1 P@e3 22. fxe3 Nxe3 
23. P@b5 P@f2+ 24. Kxf2 N@g4+ 25. Rxg4 Nxg4+ 26. Ke1 Nxe7 27. P@a6 B@f2# 
{olsson forfeits on time} 0-1

[Event "fics rated crazyhouse match"]
[Site "fics, Oklahoma City, OK USA"]
[Date "2000.02.19"]
[White "spurs"]
[WhiteElo "2302"]
[Black "olsson"]
[BlackElo "2177"]
[TimeControl "60+0"]
[Result "1-0"]

1. d4 e6 2. Nf3 Nc6 3. Bg5 Be7 4. Bxe7 Qxe7 5. e4 d5 6. Bb5 
Bd7 7. Bxc6 Bxc6 8. e5 B@g4 9. Nbd2 Bb5 10. B@d3 Bxd3 11. cxd3 Nh6 
12. B@g5 Qd7 13. Bxh6 B@f8 14. Bxg7 Bxg7 15. N@c5 Qe7 16. P@f6 Bxf6 17. exf6 
Qxf6 18. B@e5 Qd8 19. Bxh8 P@e7 20. R@g8+ B@f8 21. N@g7# 
{olsson checkmated} 1-0

[Event "fics rated crazyhouse match"]
[Site "fics, Oklahoma City, OK USA"]
[Date "2000.02.19"]
[White "XXNoWay"]
[WhiteElo "2230"]
[Black "spurs"]
[BlackElo "2307"]
[TimeControl "60+0"]
[Result "1-0"]

1. e4 e6 2. Nc3 d5 3. Nf3 dxe4 4. Nxe4 Nc6 5. Ng3 Be7 6. Bb5 
Nf6 7. d3 Bd7 8. O-O a6 9. Bxc6 Bxc6 10. P@e4 h5 11. Ne5 B@d6 
12. Nxf7 Kxf7 13. N@g5+ Kf8 14. f4 Ke8 15. e5 Bc5+ 16. Kh1 Ng4 17. P@f7+ 
Kf8 18. Qxg4 hxg4 19. N@g6# 
{spurs checkmated} 1-0

[Event "fics rated crazyhouse match"]
[Site "fics, Oklahoma City, OK USA"]
[Date "2000.02.19"]
[White "spurs"]
[WhiteElo "2297"]
[Black "XXNoWay"]
[BlackElo "2240"]
[TimeControl "60+0"]
[Result "0-1"]

1. d4 e6 2. Nf3 Nf6 3. Bg5 d5 4. Bxf6 gxf6 5. Nc3 Rg8 6. e3 
Nc6 7. Bb5 Rxg2 8. Bxc6+ bxc6 9. N@h5 B@h6 10. Nxf6+ Qxf6 11. P@e5 Qd8 
12. N@f6+ Ke7 13. Rg1 Rxg1+ 14. Nxg1 N@g2+ 15. Kf1 B@h3 16. Nxh3 Bfg7 17. Nxh7 
Nh4 18. P@f6+ Kd7 19. Ke2 P@f3+ 20. Kd2 Bxe3+ 21. fxe3 P@e2 22. Qe1 R@f1 
23. Qxh4 Rxa1 24. N@c5+ Ke8 25. fxg7 R@d1+ 26. Nxd1 exd1=Q+ 27. Kc3 N@b1+ 28. Kb3 
Rb8+ 29. B@b7 Rxb7+ 30. Nxb7 B@c4+ 31. Kb4 c5+ 32. Nxc5 a5+ 33. Kxa5 Rxa2+ 
34. P@a3 P@b6+ 35. Ka4 Bd7+ 36. Nxd7 Qxd7+ 37. P@c6 Qxc6+ 38. R@b5 Qxb5# 
{spurs checkmated} 0-1

[Event "fics rated crazyhouse match"]
[Site "fics, Oklahoma City, OK USA"]
[Date "2000.02.19"]
[White "XXNoWay"]
[WhiteElo "2249"]
[Black "spurs"]
[BlackElo "2288"]
[TimeControl "60+0"]
[Result "0-1"]

1. e4 e6 2. Nc3 d5 3. Nf3 dxe4 4. Nxe4 Be7 5. d3 Nf6 6. Be2 
Nxe4 7. dxe4 Qxd1+ 8. Bxd1 N@h4 9. Q@g3 Nxf3+ 10. Bxf3 N@d4 11. O-O P@e2 
12. Re1 Nxc2 13. Qxg7 Q@f6 14. N@h5 Qxg7 15. Nxg7+ Kd8 16. N@h6 Q@f1+ 17. Rxf1 
exf1=Q# 
{XXNoWay resigns} 0-1

[Event "fics rated crazyhouse match"]
[Site "fics, Oklahoma City, OK USA"]
[Date "2000.02.19"]
[White "spurs"]
[WhiteElo "2295"]
[Black "XXNoWay"]
[BlackElo "2242"]
[TimeControl "60+0"]
[Result "1-0"]

1. d4 e6 2. Nf3 Nf6 3. Bg5 Be7 4. Nc3 O-O 5. e4 d5 6. Bxf6 
Bxf6 7. e5 Bg5 8. Nxg5 Qxg5 9. Bd3 B@f5 10. Bxf5 exf5 11. B@e3 f4 
12. Bxf4 Qxf4 13. B@e3 Qg4 14. P@f6 Qxg2 15. Rg1 Qxg1+ 16. Ke2 B@g4+ 17. Kd2 
Bxd1 18. N@e7+ Kh8 19. fxg7+ Kxg7 20. P@f6+ Kh8 21. Rxd1 N@c4+ 22. Kc1 R@a1+ 
23. B@b1 Rxb1+ 24. Kxb1 Qxd1+ 25. Nxd1 
{XXNoWay forfeits on time} 1-0

[Event "fics rated crazyhouse match"]
[Site "fics, Oklahoma City, OK USA"]
[Date "2000.02.19"]
[White "venomous"]
[WhiteElo "2433"]
[Black "Flesh"]
[BlackElo "2131"]
[TimeControl "60+0"]
[Result "0-1"]

1. e4 d5 2. exd5 e6 3. Bb5+ Bd7 4. dxe6 Bxb5 5. exf7+ Kxf7 6. Qh5+ 
g6 7. Qc5 Nc6 8. Qxb5 Nd4 9. Qc4+ B@e6 10. Qd3 P@c4 11. Qe4 Bf5 
12. Qe3 Nxc2+ 13. Kf1 Nxe3+ 14. fxe3 Bd3+ 15. P@e2 Bxe2+ 16. Nxe2 P@d3 17. N@e5+ 
Ke6 18. Nf4+ Kxe5 19. B@c3+ Kf5 20. P@g4+ Kxg4 21. B@h3+ Kg5 22. Ne6+ Kh6 
23. Bg4 P@e2+ 24. Bxe2 dxe2+ 25. Kxe2 Qd3+ 26. Kf2 N@e4+ 27. Kf3 Q@f2# 
{venomous resigns} 0-1

[Event "fics rated crazyhouse match"]
[Site "fics, Oklahoma City, OK USA"]
[Date "2000.02.19"]
[White "spurs"]
[WhiteElo "2302"]
[Black "Nathaniel"]
[BlackElo "2149"]
[TimeControl "60+0"]
[Result "0-1"]

1. d3 e6 2. e4 d5 3. Nc3 d4 4. Nce2 Nc6 5. Nf3 e5 6. Bg5 
Be7 7. Bxe7 Ngxe7 8. B@h4 Bg4 9. Bxe7 Qxe7 10. Ng3 B@a5+ 11. N@d2 Bxd2+ 
12. Qxd2 Bxf3 13. gxf3 B@b4 14. c3 dxc3 15. bxc3 Bxc3 16. Qxc3 P@d4 17. Qd2 
P@c3 18. Qc2 N@f4 19. B@c1 N@g2+ 20. Bxg2 Nxg2+ 21. Kf1 B@h3 22. Kg1 Nb4 
23. Qa4+ Nc6 24. B@f1 Nf4 25. Bxf4 Bxf1 26. Rxf1 exf4 27. Nf5 Qg5+ 28. P@g4 
O-O 29. N@e7+ Nxe7 30. B@h4 N@e2+ 31. Kg2 Qxh4 32. Nxh4 B@g5 33. Nf5 Nxf5 
34. exf5 N@h4+ 35. Kh3 B@g2# 
{spurs checkmated} 0-1

[Event "fics rated crazyhouse match"]
[Site "fics, Oklahoma City, OK USA"]
[Date "2000.02.19"]
[White "Nathaniel"]
[WhiteElo "2160"]
[Black "spurs"]
[BlackElo "2291"]
[TimeControl "60+0"]
[Result "1-0"]

1. d4 e6 2. Nf3 d5 3. Nc3 Be7 4. Bf4 Nf6 5. e3 O-O 6. Bd3 
Bd7 7. O-O Nc6 8. Ne5 Nxe5 9. dxe5 Ne8 10. e4 dxe4 11. Nxe4 P@f5 
12. Ng3 N@g6 13. Bd2 Bc5 14. P@h6 Bc6 15. hxg7 Nxg7 16. N@f6+ Kh8 17. P@h6 
Ne8 18. Bxf5 exf5 19. Nxe8 B@e7 20. P@g7+ Kg8 21. N@f6+ Bxf6 22. Nxf6+ Qxf6 
23. exf6 Rfe8 24. B@h5 N@h4 25. Bxg6 Nxg6 26. N@f4 N@h4 27. Nxg6 Nxg6 28. N@a5 
Bxg2 29. Kxg2 N@h4+ 30. Kg1 B@g2 31. Re1 P@h3 32. Rxe8+ Rxe8 33. R@h8+ Nxh8 
34. gxh8=Q+ Kxh8 35. Q@g7# 
{spurs checkmated} 1-0

[Event "fics rated crazyhouse match"]
[Site "fics, Oklahoma City, OK USA"]
[Date "2000.02.19"]
[White "spurs"]
[WhiteElo "2280"]
[Black "Nathaniel"]
[BlackElo "2171"]
[TimeControl "60+0"]
[Result "1-0"]

1. d4 e6 2. Nf3 Nf6 3. Bg5 Be7 4. Bxf6 Bxf6 5. Nc3 d6 6. e4 
Nc6 7. Bb5 O-O 8. Bxc6 bxc6 9. e5 Be7 10. N@h5 B@g6 11. Nxg7 Kxg7 
12. P@f6+ Kg8 13. N@h6+ Kh8 14. fxe7 Qxe7 15. B@f6+ Qxf6 16. exf6 N@h5 17. Ng5 
Rg8 18. Qxh5 Bxh5 19. Ngxf7+ Bxf7 20. Nxf7# 
{Nathaniel checkmated} 1-0

[Event "fics rated crazyhouse match"]
[Site "fics, Oklahoma City, OK USA"]
[Date "2000.02.19"]
[White "spurs"]
[WhiteElo "2291"]
[Black "Nathaniel"]
[BlackElo "2160"]
[TimeControl "60+0"]
[Result "1-0"]

1. d4 d5 2. Nf3 Nf6 3. Bg5 Ne4 4. Bh4 Bg4 5. e3 Nc6 6. Bb5 
Bxf3 7. Qxf3 N@g6 8. Bxc6+ bxc6 9. Qxf7+ Kxf7 10. N@g5+ Nxg5 11. Bxg5 B@f6 
12. P@f5 Bxg5 13. B@e6+ Ke8 14. N@f3 B@a5+ 15. Nc3 Bxe3 16. fxe3 P@f2+ 17. Ke2 
Qd6 18. B@f7+ Kd8 19. fxg6 hxg6 20. N@b7# 
{Nathaniel checkmated} 1-0

[Event "fics rated crazyhouse match"]
[Site "fics, Oklahoma City, OK USA"]
[Date "2000.02.19"]
[White "Nathaniel"]
[WhiteElo "2155"]
[Black "spurs"]
[BlackElo "2296"]
[TimeControl "60+0"]
[Result "1-0"]

1. e4 e6 2. d4 d5 3. e5 Ne7 4. Nc3 Nf5 5. Nh3 Bb4 6. Be3 
Bxc3+ 7. bxc3 Nxe3 8. fxe3 B@f5 9. B@g5 Bxh3 10. Bxd8 Kxd8 11. gxh3 N@e4 
12. B@h4+ B@g5 13. Bxg5+ Nxg5 14. B@h4 h6 15. Rg1 B@e7 16. Bxg5 Bxg5 17. Qe2 
N@e4 18. N@b5 B@b2 19. Nxc7 Bxc3+ 20. P@d2 P@f2+ 21. Qxf2 Nxf2 22. dxc3 Bxe3 
23. P@e7+ Kd7 24. Q@d6# 
{spurs checkmated} 1-0

[Event "fics rated crazyhouse match"]
[Site "fics, Oklahoma City, OK USA"]
[Date "2000.02.19"]
[White "spurs"]
[WhiteElo "2285"]
[Black "Nathaniel"]
[BlackElo "2166"]
[TimeControl "60+0"]
[Result "1-0"]

1. d4 e6 2. Nf3 d5 3. Bg5 f6 4. Bh4 Be7 5. Nc3 Nh6 6. e3 
Nf5 7. Bb5+ c6 8. Bd3 O-O 9. O-O Nxh4 10. Nxh4 B@g5 11. Bxh7+ Kxh7 
12. Qh5+ B@h6 13. P@g6+ Kh8 14. N@f7+ Rxf7 15. gxf7 Bxh4 16. R@g8+ Qxg8 17. fxg8=Q+ 
Kxg8 18. Q@f7+ Kh8 19. Qxh6+ gxh6 20. B@g7+ Kh7 21. Bxf6+ P@g7 22. Qxg7# 
{Nathaniel checkmated} 1-0

[Event "fics rated crazyhouse match"]
[Site "fics, Oklahoma City, OK USA"]
[Date "2000.02.19"]
[White "Nathaniel"]
[WhiteElo "2161"]
[Black "spurs"]
[BlackElo "2290"]
[TimeControl "60+0"]
[Result "0-1"]

1. e4 e6 2. d4 d6 3. Nc3 Be7 4. Nf3 Nf6 5. Bd3 Nc6 6. e5 
dxe5 7. dxe5 Nd5 8. O-O Nxc3 9. bxc3 P@f5 10. N@h5 Rg8 11. Nf4 N@g6 
12. Nxg6 fxg6 13. Be3 N@f7 14. Bb5 Bd7 15. Bxc6 Bxc6 16. P@d4 B@g4 17. N@d2 
Bcxf3 18. Nxf3 Bxf3 19. Qxf3 N@h4 20. Qe2 g5 21. N@h5 f4 22. Bxf4 gxf4 
23. Nxf4 Bg5 24. P@g6 Bxf4 25. gxf7+ Kxf7 26. B@h5+ P@g6 27. Bg4 Nxg2 28. Bxe6+ 
Kxe6 29. Qg4+ P@f5 30. Qxg2 N@e2+ 31. Kh1 B@e4 32. B@c4+ B@d5 33. Qxe4 fxe4 
{Nathaniel forfeits on time} 0-1

[Event "fics rated crazyhouse match"]
[Site "fics, Oklahoma City, OK USA"]
[Date "2000.02.19"]
[White "spurs"]
[WhiteElo "2295"]
[Black "Nathaniel"]
[BlackElo "2156"]
[TimeControl "60+0"]
[Result "1-0"]

1. d4 e6 2. Nf3 Nf6 3. Bg5 Be7 4. Bxf6 Bxf6 5. Nc3 Nc6 6. e4 
d5 7. Bb5 dxe4 8. Bxc6+ bxc6 9. Nxe4 B@h5 10. Nxf6+ Qxf6 11. B@e5 Qe7 
12. Bxg7 Bxf3 13. N@f6+ Kd8 14. Qxf3 N@g5 15. Qxc6 P@d2+ 16. Kf1 B@a6+ 17. P@d3 
Bcb7 18. Qc3 Bxg2+ 19. Kxg2 Bb7+ 20. P@e4 P@f3+ 21. Kg3 Rg8 22. N@c6+ Bxc6 
23. Qxc6 Rb8 24. B@c5 N@d6 25. Bxd6 cxd6 26. P@c7+ Qxc7 27. Qxc7+ Kxc7 28. Q@d7+ 
Kb6 29. B@c7+ Ka6 30. Qc6+ P@b6 31. B@b5+ Ka5 32. N@b3+ Kb4 33. a3# 
{Nathaniel checkmated} 1-0

[Event "fics rated crazyhouse match"]
[Site "fics, Oklahoma City, OK USA"]
[Date "2000.02.19"]
[White "Nathaniel"]
[WhiteElo "2151"]
[Black "spurs"]
[BlackElo "2300"]
[TimeControl "60+0"]
[Result "1-0"]

1. e4 e6 2. d4 d5 3. exd5 exd5 4. Bb5+ Bd7 5. Qe2+ Qe7 6. Nc3 
Qxe2+ 7. Ngxe2 Bd6 8. Bxd7+ Nxd7 9. Nxd5 B@c6 10. P@e4 P@e6 11. Ndc3 Bb4 
12. Bf4 Bxe4 13. Bxc7 Bxg2 14. Rg1 Bf3 15. Rxg7 Bxe2 16. Kxe2 P@f3+ 17. Kxf3 
N@h4+ 18. Ke2 P@f3+ 19. Kd1 Bxc3 20. bxc3 Q@e2+ 21. Kc1 N@e1 22. P@d2 Nxc2 
23. Kxc2 P@d3+ 24. Kb3 a5 25. N@d6+ Kf8 26. B@a4 Kxg7 27. Q@g5+ Ng6 28. Ne4 
R@b2+ 29. Kxb2 Qxd2+ 30. Nxd2 P@a3+ 31. Kxa3 Ngf6 32. B@h6+ Kg8 33. Q@g7# 
{spurs checkmated} 1-0

[Event "fics rated crazyhouse match"]
[Site "fics, Oklahoma City, OK USA"]
[Date "2000.02.19"]
[White "spurs"]
[WhiteElo "2289"]
[Black "Nathaniel"]
[BlackElo "2162"]
[TimeControl "60+0"]
[Result "0-1"]

1. d4 e6 2. Nf3 d5 3. Bg5 Nc6 4. Be7 Bxe7 5. Nc3 Nf6 6. e3 
B@a5 7. Bb5 Bd7 8. Bxc6 Bxc6 9. O-O Bxc3 10. bxc3 Ne4 11. Ne5 O-O 
12. Nxc6 bxc6 13. B@e5 f6 14. Bg3 Nxc3 15. Qh5 B@g6 16. Qh3 Ne2+ 17. Kh1 
N@g5 18. Qg4 Nxg3+ 19. hxg3 B@f5 20. Qe2 Be4 21. f3 Bef5 22. B@f4 Bxc2 
23. Bxg5 fxg5 24. N@g4 N@f5 25. Qf2 P@h4 26. gxh4 B@g3 27. N@h6+ gxh6 28. Nxh6+ 
Nxh6 29. Qxg3 gxh4 30. Qxh4 Bxh4 31. P@h2 P@e2 32. B@f4 exf1=Q+ 33. Rxf1 P@e2 
34. Rg1 N@f2# 
{spurs checkmated} 0-1

[Event "fics rated crazyhouse match"]
[Site "fics, Oklahoma City, OK USA"]
[Date "2000.02.19"]
[White "Nathaniel"]
[WhiteElo "2173"]
[Black "spurs"]
[BlackElo "2278"]
[TimeControl "60+0"]
[Result "1-0"]

1. e4 e6 2. Nf3 d5 3. e5 Ne7 4. d4 Nf5 5. Nc3 Be7 6. Be2 
O-O 7. O-O Nc6 8. Be3 Bd7 9. Nd2 Nxe3 10. fxe3 B@h6 11. N@g4 Beg5 
12. Nxh6+ Bxh6 13. B@f2 Qg5 14. Nf3 N@h3+ 15. Kh1 Nxf2+ 16. Rxf2 Qxe3 17. Qf1 
B@e4 18. Nxe4 dxe4 19. B@d2 exf3 20. Bxe3 fxe2 21. Rxe2 Bxe3 22. Rxe3 N@g4 
23. P@f6 N@f2+ 24. Kg1 Nxe3 25. N@h6+ Kh8 26. fxg7+ Kxg7 27. Q@f6# 
{spurs checkmated} 1-0

[Event "fics rated crazyhouse match"]
[Site "fics, Oklahoma City, OK USA"]
[Date "2001.02.19"]
[White "liveZ"]
[WhiteElo "2357"]
[Black "sysco"]
[BlackElo "2247"]
[TimeControl "60+0"]
[Result "1-0"]

1. e4 e6 2. d4 Nc6 3. Nf3 Nf6 4. Bg5 Be7 5. Nc3 Ng4 6. Bxe7 
Qxe7 7. B@h4 f6 8. Bb5 B@a5 9. O-O d5 10. e5 O-O 11. h3 Nh6 
12. Bxc6 bxc6 13. exf6 gxf6 14. P@g5 Nf5 15. gxf6 Qe8 16. P@g7 Rf7 17. g4 
Nh6 18. Bg5 Bxc3 19. bxc3 P@g2 20. Kxg2 B@e4 21. N@e5 Ba6 22. Nxf7 Kxf7 
23. Bxh6 Bxf3+ 24. Qxf3 N@h4+ 25. Kh1 Qg8 26. R@f8# 
{sysco resigns} 1-0

[Event "fics rated crazyhouse match"]
[Site "fics, Oklahoma City, OK USA"]
[Date "2001.02.19"]
[White "sysco"]
[WhiteElo "2238"]
[Black "liveZ"]
[BlackElo "2363"]
[TimeControl "60+0"]
[Result "1-0"]

1. e4 e6 2. d4 Nc6 3. Be3 d5 4. e5 Nge7 5. Be2 Nf5 6. Nh3 
Bb4+ 7. c3 Be7 8. O-O O-O 9. Nd2 f6 10. exf6 Bxf6 11. P@e5 Be7 
12. Bg4 Bd7 13. Bxf5 exf5 14. Nf4 B@g4 15. f3 P@g5 16. fxg4 gxf4 17. Bxf4 
fxg4 18. B@h5 N@e4 19. Nxe4 dxe4 20. d5 P@f3 21. dxc6 fxg2 22. cxd7 gxf1=Q+ 
23. Qxf1 N@f3+ 24. Kh1 P@h3 25. Bxg4 Qxd7 26. Qxh3 P@f5 27. B@b3+ Kh8 28. N@g6# 
{liveZ checkmated} 1-0